 Dungeon Crawl Stone Soup version 0.16-a0-1348-g01787a8 (webtiles) character file.

583 Psiweapon the Ruffian (level 7, -5/70 HPs)
             Began as a Troll Monk on Oct 18, 2014.
             Slain by foonesh's ghost (7 damage)
             ... on level 6 of the Dungeon.
             The game lasted 00:14:23 (3423 turns).

Psiweapon the Ruffian (Troll Monk)                  Turns: 3423, Time: 00:14:23

Health: -5/70      AC:  7    Str: 20    XL:     7   Next: 14%
Magic:  12/12      EV: 12    Int:  6    God:
Gold:   160        SH:  0    Dex: 14    Spells: 0 memorised, 6 levels left

rFire  . . .     SeeInvis .       - Unarmed
rCold  . . .     Clarity  .     a - +0 robe
rNeg   . . .     SustAb   .     (shield restricted)
rPois  .         Gourm    +     (helmet restricted)
rElec  .         Spirit   .     w - +1 cloak
rCorr  .         Warding  .     (gloves unavailable)
rMut   .         Stasis   .     (boots unavailable)
MR     .....                    (no amulet)
Stlth  ++........               (no ring)
                                j - ring of magical power

@: not resistant to hostile enchantments, unstealthy
A: unfitting armour, claws 3, fast metabolism 3, gourmand, regeneration 2,
saprovore 2, shaggy fur 1, tough skin 2
a: no special abilities


You were on level 6 of the Dungeon.
You were very full.

You visited 1 branch of the dungeon, and saw 6 of its levels.

You collected 160 gold pieces.

Inventory:

Missiles
 d - 30 stones (quivered)
Armour
 a - a +0 robe (worn)
 w - a +1 cloak (worn)
Jewellery
 j - a ring of magical power (left claw)
Magical devices
 m - a wand of draining (3)
 u - a wand of teleportation (6)
Scrolls
 c - 2 scrolls of identify
 l - a scroll of random uselessness {unknown}
 n - a scroll of blinking {unknown}
 p - a scroll of noise {unknown}
Potions
 e - 3 potions of agility
 f - a potion of curing
 i - 2 potions of heal wounds {unknown}
 o - a potion of restore abilities {unknown}
 v - a potion of invisibility {unknown}
 z - 2 potions of poison {unknown}
Comestibles
 b - 5 meat rations
 g - a chunk of worker ant flesh
 h - 2 slices of pizza
 k - a royal jelly
 q - 3 bread rations


   Skills:
 + Level 4.1 Fighting
 + Level 4.4 Dodging
 - Level 1.1 Stealth
 + Level 6.1 Unarmed Combat


You had 6 spell levels left.
You didn't know any spells.

Dungeon Overview and Level Annotations

Branches:
Dungeon (6/15)
 Temple: D:4-7

Altars:
Fedhas
Qazlal
Sif Muna

Shops:
D:4 %

Annotations:
D:5 Sientara's ghost, experienced GrFi
D:6 foonesh's ghost, experienced GrFi


Innate Abilities, Weirdness & Mutations

You are too large for most types of armour.
You have claws for hands.
Your metabolism is lightning-fast.
You like to eat raw meat.
You heal very quickly.
You can eat rotten meat.
You are covered in fur (AC +1).
You have very tough skin (AC +2).


Message History

Foonesh's ghost is lightly damaged.
Foonesh's ghost misses you.
You barely miss foonesh's ghost.
Foonesh's ghost is lightly damaged.
Foonesh's ghost hits you but does no damage.
You scratch foonesh's ghost but do no damage.
Foonesh's ghost is lightly damaged.
Foonesh's ghost closely misses you.
You scratch foonesh's ghost.
Foonesh's ghost is moderately damaged.
Foonesh's ghost completely misses you.
You scratch foonesh's ghost but do no damage.
Foonesh's ghost is moderately damaged.
Foonesh's ghost mumbles, "They all look like pillowcases to me..."
Foonesh's ghost hits you!
* * * LOW HITPOINT WARNING * * *
You scratch foonesh's ghost.
Foonesh's ghost is moderately damaged.
Foonesh's ghost hits you!
You die...

#........##### .
#........# .g.
#........# ....
#........#
.W...#........#
#...........####
#####+#........#
#.########.#
#######'##### #@#
#.......W...# #W#
#........$..# #.#
#........g..# #.#
#...........# #.#
#.?.........####.#
...........'....#
..........######
.........#


You could see foonesh's ghost.

Vanquished Creatures
  Eustachio (D:4)
  Duvessa (D:4)
  Dowan (D:4)
  A quasit (D:4)
  A hound (D:4)
  4 worker ants
  Ijyb (D:3)
  4 gnolls (D:3)
  A green rat (D:4)
  7 adders
  A worm (D:3)
  A white imp (D:4)
  2 giant geckos (D:3)
  An ooze (D:3)
  An orc (D:3)
  11 bats
  4 giant cockroaches
  10 goblins
  11 hobgoblins
  A quokka (D:2)
  A giant newt (D:1)
  8 jackals
  13 kobolds
  9 rats
  A rat skeleton (D:4)
97 creatures vanquished.

Notes
Turn   | Place    | Note
--------------------------------------------------------------
     0 | D:1      | Psiweapon, the Troll Monk, began the quest for the Orb.
     0 | D:1      | Reached XP level 1. HP: 22/22 MP: 1/1
   270 | D:1      | Reached XP level 2. HP: 29/29 MP: 1/1
  1035 | D:2      | Reached XP level 3. HP: 36/36 MP: 2/2
  1329 | D:2      | Found a blossoming altar of Fedhas.
  1330 | D:2      | Found a stormy altar of Qazlal.
  1459 | D:2      | Found a deep blue altar of Sif Muna.
  1637 | D:2      | Reached XP level 4. HP: 44/44 MP: 2/2
  1709 | D:3      | Noticed Ijyb
  1725 | D:3      | Killed Ijyb
  1949 | D:3      | Reached skill level 5 in Unarmed Combat
  2076 | D:3      | Reached XP level 5. HP: 37/53 MP: 2/2
  2466 | D:4      | Noticed Eustachio
  2507 | D:4      | Killed Eustachio
  2507 | D:4      | Reached XP level 6. HP: 45/62 MP: 3/3
  2717 | D:4      | Found Jiczo's Food Shoppe.
  2865 | D:4      | Noticed Duvessa
  2865 | D:4      | Noticed Dowan
  2874 | D:4      | Killed Dowan
  2898 | D:4      | Reached skill level 6 in Unarmed Combat
  2906 | D:4      | Killed Duvessa
  2906 | D:4      | Reached XP level 7. HP: 58/70 MP: 3/3
  3214 | D:5      | Entered Level 5 of the Dungeon
  3272 | D:5      | Noticed Sientara's ghost (experienced GrFi)
  3369 | D:6      | Noticed foonesh's ghost (experienced GrFi)
  3422 | D:6      | HP: 2/70 [foonesh's ghost (8)]
  3423 | D:6      | Slain by foonesh's ghost

Action                   |  1- 3 |  4- 6 |  7- 9 || total
-------------------------+-------+-------+-------++-------
Melee: Unarmed           |    92 |   163 |    38 ||   293
Evoke: Wand              |       |     2 |       ||     2
  Use: Potion            |       |     2 |       ||     2
       Scroll            |       |     2 |       ||     2
 Stab: Sleeping          |     1 |     1 |       ||     2
  Eat: Chunk             |    14 |    13 |     4 ||    31
       Bread ration      |     1 |       |       ||     1
